 Dungeon Sprint DCSS version 0.30.1-9-gdf580d7c3d (webtiles) character file.

Game seed: 6409333730193667588

280 Heoruswealwe the Spear-Bearer (level 6, -8/62 HPs)
             Began as a Minotaur Fighter on Sept 29, 2023.
             Mangled by a two-headed ogre
             ... wielding a +0 dire flail
              (13 damage)
             ... in the Dungeon (Sprint IX: "|||||||||||||||||||||||||||||").
             The game lasted 00:00:53 (205 turns).

Heoruswealwe the Spear-Bearer (Minotaur Fighter)     Turns: 205, Time: 00:00:55

Health: -8/62      AC:  8    Str: 22    XL:     6   Next: 5%
Magic:  5/5        EV:  9    Int:  5    God:
Gold:   0          SH:  4    Dex: 10    Spells: 5/5 levels left

rFire   . . .        a - +0 trident
rCold   . . .        d - +0 buckler
rNeg    . . .        c - +0 scale mail
rPois   .            (helmet restricted)
rElec   .            (no cloak)
rCorr   .            (no gloves)
SInv    .            (no boots)
Will    .....        (no amulet) Stlth
                     (no ring)
HPRegen 0.30/turn    (no ring)
MPRegen 0.09/turn

%: no teleportation
@: no status effects
A: horns 2, retaliatory headbutt
a: no special abilities


You were in the Dungeon.
You visited 1 branch

Inventory:

Hand Weapons
 a - a +0 trident (weapon)
Armour
 c - a +0 scale mail (worn)
 d - a +0 buckler (worn)
Jewellery
 m - a +2 ring of protection
 n - a +3 ring of strength
Wands
 l - a wand of light (10)
Scrolls
 j - 2 scrolls of blinking
 k - 2 scrolls of amnesia
Potions
 b - a potion of might
 e - 5 potions of curing
 f - 3 potions of heal wounds
 g - a potion of haste
 h - a potion of invisibility
 i - a potion of berserk rage


   Skills:
 + Level 8.4 Fighting
 * Level 10.9 Polearms
 + Level 8.4 Armour
 - Level 3.6 Shields


You had 5 spell levels left.
You didn't know any spells.
Your spell library was empty.

Dungeon Overview and Level Annotations

Branches:
Dungeon (1/1)

Altars:
Cheibriados
Dithmenos
Elyvilon
Fedhas
Gozag
Hepliaklqana
Kikubaaqudgha
Makhleb
Nemelex Xobeh
Okawaru
Qazlal
Ru
Sif Muna
Trog
Uskayaw
Vehumet
Wu Jian
Xom
Yredelemnul
Zin
The Shining One
Jiyva
Lugonu


Innate Abilities, Weirdness & Mutations

You have a pair of horns on your head.
You reflexively headbutt those who attack you in melee.


Message History

The yak gores you but does no damage.
You hit the yak.
The yak is moderately wounded.
The yak gores you!
You hit the yak. Your headbutt misses the yak.
The yak is moderately wounded.
The yak gores you!
You hit the yak.
The yak is heavily wounded.
You hit the yak. Your headbutt misses the yak.
The yak is heavily wounded.
You block the yak's attack.
You hit the yak.
The yak is severely wounded.
You block the yak's attack.
You puncture the yak!
The yak is almost dead.
The yak gores you.
You puncture the yak!
You kill the yak!
Your Fighting skill gained 2 levels and is now at level 8!
Your Polearms skill gained 2 levels and is now at level 10!
Your Armour skill gained 2 levels and is now at level 8!
You have reached level 5!
You have reached level 6!
You completely miss the two-headed ogre.
You headbutt the two-headed ogre.
The two-headed ogre is lightly wounded.
The two-headed ogre hits you with a +0 dire flail!
* * * LOW HITPOINT WARNING * * *
The two-headed ogre barely misses you.
You puncture the two-headed ogre! You headbutt the two-headed ogre!
The two-headed ogre is moderately wounded.
You barely miss the two-headed ogre.
You headbutt the two-headed ogre, but do no damage.
The two-headed ogre is moderately wounded.
The two-headed ogre barely misses you. You furiously retaliate!
You headbutt the two-headed ogre!
The two-headed ogre hits you with a +0 giant club!
You die... ▓▓▓▓▓▓▓▓▓▓▓▓▓▓▓▓▓▓▓▓▓▓▓▓ .O.TzcO@.[[[.).!'_______ ▓▓▓▓▓▓▓▓▓▓▓▓▓▓▓▓▓▓▓▓▓▓▓▓

You could see 2 two-headed ogres, a troll, a centaur and a wight.

Vanquished Creatures
  A yak (D)
  An ice beast (D)
  An iguana (D)
  An adder (D)
  An orc (D)
  A giant cockroach (D)
  2 goblins (D)
  A hobgoblin (D)
  A jackal (D)
  A ball python (D)
11 creatures vanquished.

Notes
Turn   | Place    | Note
-------+----------+-------------------------------------------
     0 | D        | Heoruswealwe the Minotaur Fighter began the quest for the
                  | Orb.
     0 | D        | Reached XP level 1. HP: 19/19 MP: 0/0
     7 | D        | Reached skill level 3 in Polearms
   128 | D        | Noticed an iguana
   128 | D        | Noticed an ice beast
   133 | D        | Killed an ice beast
   134 | D        | Reached skill level 7 in Polearms
   134 | D        | Reached XP level 2. HP: 31/31 MP: 1/1
   134 | D        | Reached XP level 3. HP: 38/38 MP: 2/2
   134 | D        | Reached XP level 4. HP: 45/45 MP: 3/3
   138 | D        | Reached skill level 8 in Polearms
   151 | D        | Found a snail-covered altar of Cheibriados.
   151 | D        | Found a shadowy altar of Dithmenos.
   151 | D        | Found a white marble altar of Elyvilon.
   151 | D        | Found a blossoming altar of Fedhas.
   151 | D        | Found an opulent altar of Gozag.
   152 | D        | Found a hazy altar of Hepliaklqana.
   153 | D        | Found a viscous altar of Jiyva.
   154 | D        | Found an ancient bone altar of Kikubaaqudgha.
   155 | D        | Found a corrupted altar of Lugonu.
   156 | D        | Found a burning altar of Makhleb.
   157 | D        | Found a sparkling altar of Nemelex Xobeh.
   158 | D        | Found an iron altar of Okawaru.
   159 | D        | Found a stormy altar of Qazlal.
   160 | D        | Found a sacrificial altar of Ru.
   161 | D        | Found a shimmering blue altar of Sif Muna.
   162 | D        | Found a bloodstained altar of Trog.
   163 | D        | Found a hide-covered altar of Uskayaw.
   164 | D        | Found a radiant altar of Vehumet.
   165 | D        | Found an ornate altar of the Wu Jian Council.
   166 | D        | Found a shimmering altar of Xom.
   167 | D        | Found a basalt altar of Yredelemnul.
   168 | D        | Found a glowing silver altar of Zin.
   169 | D        | Found a glowing golden altar of the Shining One.
   193 | D        | Noticed a two-headed ogre
   193 | D        | Noticed a troll
   193 | D        | Noticed a centaur
   193 | D        | Noticed a two-headed ogre
   193 | D        | Noticed a yak
   202 | D        | Killed a yak
   203 | D        | Reached skill level 10 in Polearms
   203 | D        | Reached XP level 5. HP: 20/56 MP: 4/4
   203 | D        | Reached XP level 6. HP: 22/62 MP: 5/5
   205 | D        | Mangled by a two-headed ogre

Illustrated notes

Levels and vault maps discovered:
D:        linesprint [early_d, line_temple, items_1, d_10, items_2, lair_1,
          lair_end, items_3, orc_1, orc_end, items_4, d_15, swamp_1, shoals_1,
          snake_1, spider_1, d_20, vaults_1, items_5, swamp_end, shoals_end,
          snake_end, spider_end, vaults_end, d_27, items_6, zot_1, zot_end,
          crypt_end, forest_end, elf_end, slime_end, tomb_end, abyss_end,
          pan_hell_end]

Skill      XL: |  1  2  3  4 |
---------------+-------------+-----
Polearms       | 7 10 | 10.9
Fighting       | 6 8 |  8.4
Armour         | 6 8 |  8.4
Shields        | |  3.6

Action                     |  1- 3 |  4- 6 || total
---------------------------+-------+-------++-------
  Melee: Trident           |    22 |    21 ||    43
         Headbutt          |     4 |     5 ||     9
 Armour: Scale mail        |     7 |     4 ||    11
  Dodge: Dodged            |    10 |     5 ||    15
  Block: Buckler           |     4 |     2 ||     6
